 Dungeon Crawl Stone Soup version 0.31-a0-963-ga325b2283a (webtiles) character file.

Game seed: 12643803094193038255

1733 Ekaitz the Zephyrmancer (level 9, -2/51 HPs)
             Began as a Tengu Air Elementalist on Oct 24, 2023.
             Succumbed to Duvessa's poison
             ... on level 6 of the Dungeon.
             The game lasted 00:11:35 (5781 turns).

Ekaitz the Zephyrmancer (Tengu Air Elementalist)    Turns: 5781, Time: 00:11:36

Health: -2/51      AC:  4    Str:  9    XL:     9   Next: 5%
Magic:  3/17       EV: 18    Int: 20    God:
Gold:   255        SH:  0    Dex: 14    Spells: 4/18 levels left

rFire   + . .        F - +1 dagger (venom)
rCold   + . .        (no shield)
rNeg    + . .        s - +1 robe {rN+}
rPois   +            (helmet restricted)
rElec   +            j - +0 cloak
rCorr   +            (no gloves)
SInv    .            (boots unavailable)
Will    .....        (no amulet)
Stlth   +            (no ring)
HPRegen 0.28/turn    (no ring)
MPRegen 0.15/turn

%: acrobat
@: mighty, lethally poisoned (-2 -> -23), lit by a corona, resistant, flying,
glowing
A: beak, talons 3, evasive flight, acrobatic
a: no special abilities


You were on level 6 of the Dungeon.
You visited 1 branch of the dungeon, and saw 7 of its levels.

You collected 255 gold pieces.

Inventory:

Hand Weapons
 n - a +4 short sword
 C - the +0 dagger of Suamm {venom, rCorr}
   (You found it on level 4 of the Dungeon)

   rCorr:     It protects you from acid and corrosion.
 D - a +3 morningstar
 E - a +0 glaive
 F - a +1 dagger of venom (weapon)
 N - a +6 dire flail of draining
Missiles
 r - 9 poisoned darts
Armour
 a - a +1 chain mail of fire resistance
 j - a +0 cloak (worn)
 q - a scarf of shadows
 s - a +1 robe of positive energy (worn)
Magical Staves
 M - a staff of poison
Wands
 B - a wand of paralysis (8)
 J - a wand of polymorph (5)
 O - a wand of roots (8)
Scrolls
 e - a scroll of blinking {unknown}
 f - 3 scrolls of fear {unknown}
 g - a scroll of poison {unknown}
 h - 10 scrolls of identify {unknown}
 i - a scroll of enchant armour {unknown}
 k - 2 scrolls of fog {unknown}
 u - a scroll of teleportation {unknown}
 v - 2 scrolls of vulnerability {unknown}
 w - 2 scrolls of enchant weapon {unknown}
 x - 2 scrolls of amnesia {unknown}
 y - a scroll of immolation {unknown}
 I - a scroll of silence {unknown}
 K - 2 scrolls of revelation {unknown}
Potions
 b - 2 potions of magic
 c - a potion of ambrosia {unknown}
 l - a potion of enlightenment {unknown}
 m - a potion of curing {unknown}
 o - a potion of degeneration {unknown}
 p - a potion of cancellation {unknown}
 t - a potion of invisibility {unknown}
 z - 2 potions of might
 A - 2 potions of brilliance {unknown}
 G - a potion of berserk rage {unknown}
 H - 2 potions of heal wounds {unknown}
 L - a potion of attraction


   Skills:
 * Level 3.6 Fighting
 + Level 1.3 Short Blades
 * Level 4.8 Dodging
 + Level 2.9 Stealth
 + Level 5.1 Spellcasting
 + Level 4.7 Conjurations
 * Level 2.2 Summonings
 * Level 9.6 Air Magic


You had 4 spell levels left.
You knew the following spells:

 Your Spells              Type           Power      Damage    Failure   Level
a - Shock                 Conj/Air       100%       1d9       1%          1
b - Static Discharge      Conj/Air       66%        3-6/arc   1%          2
c - Swiftness             Air            43%        N/A       1%          3
d - Airstrike             Air            21%        2d(4-20)  2%          4
e - Summon Lightning Spi  Summ/Air       28%        N/A       10%         4

Your spell library contained the following spells:

 Spells                   Type           Power      Damage    Failure   Level
 Animate Armour           Summ/Erth      18%        N/A       58%         4
 Iskenderun's Battlesphe  Conj           24%        2d8       41%         5
 Lee's Rapid Deconstruct  Erth           2%         3d5*      97%         5
 Bombard                  Conj/Erth      7%         9d2       100%        6
 Spellforged Servitor     Conj/Summ      9%         N/A       100%        7


Dungeon Overview and Level Annotations

Branches:
Dungeon (7/15)
 Temple: D:4-7

Altars:
Ru

Annotations:
D:6 Duvessa, Menkaure


Innate Abilities, Weirdness & Mutations

You have a beak for a mouth.
You have claws for feet.
Your magical flight helps you evade attacks. (EV +4)
You can magically evade attacks while moving or waiting.


Message History

Confirm with . or Enter, or press ? or * to list all spells.
An electric hum fills the air.
Dowan points at you and mumbles some strange words.
You are outlined in light.
Unknown command.
Casting: Summon Lightning Spire (dangerous; 11% risk of failure)
Confirm with . or Enter, or press ? or * to list all spells.
Aiming: Airstrike (dangerous; 2% risk of failure)
Press: ? - help, Dir - move target, f - Duvessa
Aim: Duvessa, wielding a +1 short sword of venom and wearing a +0 ring mail (lightly wounded, empty space bonus: 4/8)
The air twists around and strikes Duvessa.
Duvessa is lightly wounded.
Dowan hits you with a +0 dagger.
Your lightning spire shoots out a bolt of lightning at Dowan!
The bolt of electricity hits Dowan! x2
Dowan dies!
Duvessa screams in rage.
Duvessa goes berserk!
The bolt of electricity hits your lightning spire but does no damage.
Duvessa attacks as she pursues you!
Duvessa hits you with a +1 short sword of venom!!
You are poisoned.
Unknown command.
It was a potion of resistance.
You feel protected.
You feel very sick.
Duvessa hits you with a +1 short sword of venom!
* * * LOW HITPOINT WARNING * * *
Duvessa hits you with a +1 short sword of venom.
* * * LOW HITPOINT WARNING * * *
You are more poisoned.
Your lightning spire shoots out a bolt of lightning at Duvessa!
The bolt of electricity hits Duvessa.
The bolt of electricity hits Duvessa!
It was a potion of might.
You feel very mighty all of a sudden.
* * * LOW HITPOINT WARNING * * *
You feel very sick.
You hit Duvessa. You claw Duvessa. You peck Duvessa!
Duvessa is severely wounded.
You die...

##.##
#.###.^.#######
#.....#........
#.).#######
##.## ##.).####
#.......#
#8e..##.#
#######..@.# #
#......><..#
#.#####.####
##.## #.#
#######...##
#.#
......[)...#
#.#
#######...##
#.# ##.## #..
### ###


You could see Duvessa (berserk, ally target) and a friendly lightning spire
(summoned).

Vanquished Creatures
  Pikel (D:6)
  Sigmund (D:3)
  Edmund (D:6)
  An ice beast (D:5)
  A black bear (D:6)
  An ogre (D:4)
  A scorpion (D:5)
  Crazy Yiuf (D:5)
  A gnoll bouda (D:6)
  2 orc priests
  Ijyb (D:4)
  3 iguanas (D:5)
  Terence (D:3)
  5 orc wizards
  6 gnolls
  10 adders
  2 white imps
  2 worms (D:2)
  A dart slug (D:3)
  7 orcs
  2 ball pythons
  3 bats (D:2)
  3 endoplasms
  3 giant cockroaches
  4 goblins
  7 hobgoblins
  2 jackals (D:2)
  8 kobolds
  9 quokkas
  6 frilled lizards
  6 rats
102 creatures vanquished.

Vanquished Creatures (collateral kills)
  A lemure (D:6)
  Dowan (D:6)
2 creatures vanquished.

Grand Total: 104 creatures vanquished

Notes
Turn   | Place    | Note
-------+----------+-------------------------------------------
     0 | D:1      | Ekaitz the Tengu Air Elementalist began the quest for the
                  | Orb.
     0 | D:1      | Reached XP level 1. HP: 10/10 MP: 4/4
     5 | D:1      | Noticed a minotaur zombie
    12 | D:1      | Noticed a minotaur zombie
   298 | D:1      | Reached XP level 2. HP: 15/15 MP: 4/6
   301 | D:1      | Learned a level 2 spell: Static Discharge
  1280 | D:2      | Found a faded altar of an unknown god.
  1319 | D:2      | Reached XP level 3. HP: 19/19 MP: 3/7
  1323 | D:2      | Learned a level 3 spell: Swiftness
  1676 | D:2      | Reached skill level 5 in Air Magic
  1830 | D:2      | Reached XP level 4. HP: 23/24 MP: 1/8
  1979 | D:2      | Reached skill level 1 in Fighting
  2445 | D:3      | Noticed Terence
  2599 | D:3      | Found a sacrificial altar of Ru.
  2782 | D:3      | Reached XP level 5. HP: 29/29 MP: 4/9
  3055 | D:3      | Noticed Sigmund
  3082 | D:3      | Killed Sigmund
  3083 | D:3      | Reached skill level 6 in Air Magic
  3083 | D:3      | Reached XP level 6. HP: 17/35 MP: 2/11
  3255 | D:3      | Killed Terence
  3390 | D:4      | You fall into a shaft and drop 3 floors!
  3406 | D:7      | Noticed an orc warrior
  3536 | D:6      | Noticed a black bear
  3540 | D:6      | Noticed Menkaure
  3562 | D:6      | Killed a black bear
  3563 | D:6      | Reached skill level 1 in Short Blades
  3563 | D:6      | Gained mutation: Your magical flight helps you evade
                  | attacks. (EV +4) [Tengu growth]
  3563 | D:6      | Reached XP level 7. HP: 40/40 MP: 6/12
  3650 | D:6      | Reached skill level 7 in Air Magic
  3802 | D:5      | Entered Level 5 of the Dungeon
  3810 | D:5      | Learned a level 4 spell: Airstrike
  3980 | D:4      | Noticed Ijyb
  3993 | D:4      | Killed Ijyb
  4212 | D:4      | Identified the +0 dagger of Suamm {venom, rCorr}
  4353 | D:4      | Reached XP level 8. HP: 35/45 MP: 1/14
  4374 | D:4      | Learned a level 4 spell: Summon Lightning Spire
  4862 | D:5      | Reached skill level 8 in Air Magic
  5221 | D:5      | Found a runed translucent door.
  5222 | D:5      | Noticed Crazy Yiuf
  5237 | D:5      | Killed Crazy Yiuf
  5486 | D:6      | Noticed Edmund
  5494 | D:6      | Killed Edmund
  5495 | D:6      | Reached skill level 1 in Summonings
  5657 | D:6      | Noticed Pikel
  5673 | D:6      | Killed Pikel
  5674 | D:6      | Reached skill level 9 in Air Magic
  5765 | D:6      | Noticed Dowan
  5766 | D:6      | Reached skill level 5 in Spellcasting
  5766 | D:6      | Reached XP level 9. HP: 51/51 MP: 14/17
  5773 | D:6      | Noticed Duvessa
  5776 | D:6      | Killed Dowan
  5781 | D:6      | Succumbed to Duvessa's poison

Illustrated notes

Levels and vault maps discovered:
D:1:      shiori_arrival_whats_in_store_for_you, layout_loops_corners
D:2:      layout_loops_cross, ebering_ecumenical_altar_mist, dk_vineyard_3,
          minmay_between
D:3:      layout_basic, mainiacjoe_overflow_24_doors, uniq_sigmund, uniq_terence
D:4:      layout_basic, uniq_ijyb
D:5:      layout_rooms, uniq_crazy_yiuf_cottage
D:6:      layout_loops_ring, minmay_temple_entry_statues_pillars, uniq_maggie,
          uniq_pikel, uniq_menkaure, uniq_edmund, uniq_duvessa
D:7:      layout_basic

Skill      XL: |  1  2  3  4  5  6  7  8 |
---------------+-------------------------+-----
Air Magic      | 5 6 7 9 |  9.6
Conjurations   | 2 3 4 |  4.7
Fighting       | 1 2 3 |  3.6
Dodging        | 3 4 |  4.8
Spellcasting   | 3 5 |  5.1
Short Blades   | 1 |  1.3
Summonings     | 2 |  2.2
Stealth        | |  2.9

Action                     |  1- 3 |  4- 6 |  7- 9 || total
---------------------------+-------+-------+-------++-------
  Melee: Unarmed           |     2 |       |       ||     2
         Peck              |     2 |     5 |     7 ||    14
         Short sword       |     4 |    26 |     3 ||    33
         Kick              |     1 |     7 |    15 ||    23
         Punch             |       |     1 |     1 ||     2
         Dagger            |       |       |    29 ||    29
   Cast: Shock             |    66 |    57 |    80 ||   203
         Static Discharge  |     1 |     8 |     5 ||    14
         Airstrike         |       |       |    11 ||    11
         Summon Lightning  |       |       |     4 ||     4
         Swiftness         |       |       |     1 ||     1
    Use: Potion            |       |     1 |     2 ||     3
   Stab: Sleeping          |     2 |     2 |       ||     4
 Armour: Robe              |     4 |    24 |    25 ||    53
  Dodge: Dodged            |    11 |    23 |    36 ||    70

Table legend: (Time is in decaauts)
 A = Elapsed time spent in this place.
 B = Non-inter-level travel time spent in this place.
 C = Inter-level travel time spent in this place.
 D = Time resting spent in this place.
 E = Time spent auto-exploring this place.
 F = Levels seen in this place.
 G = Mean time per level.
                   A        B        C        D        E       F      G
               +--------+--------+--------+--------+--------+-----+--------+
         Total |   5774 |   5694 |     80 |    233 |   4686 |   7 |  824.9 |
       Dungeon |   5774 |   5694 |     80 |    233 |   4686 |   7 |  824.9 |
               +--------+--------+--------+--------+--------+-----+--------+

Top non-repeatable levels by time:
     D:2: 1288 daAuts
     D:1: 1131 daAuts
     D:3: 963 daAuts
     D:4: 886 daAuts
     D:6: 796 daAuts
     D:5: 672 daAuts
     D:7: 35 daAuts
